 Dungeon Crawl Stone Soup version 0.27.0-1-g7a089689b8 (webtiles) character file.

Game seed: 12416140203845507667

19 Spaninq the Shooter (level 2, -1/19 HPs)
             Began as an Octopode Hunter on Aug 6, 2021.
             Slain by a jackal (2 damage)
             ... on level 1 of the Dungeon.
             The game lasted 00:01:31 (226 turns).

Spaninq the Shooter (Octopode Hunter)                Turns: 226, Time: 00:01:31

Health: -1/19      AC:  1    Str: 11    XL:     2   Next: 75%
Magic:  2/2        EV: 13    Int: 13    God:
Gold:   28         SH:  0    Dex: 12    Spells: 1/1 levels left

rFire    . . .     SeeInvis .   a - +1 shortbow
rCold    . . .     Faith    .   (shield currently unavailable)
rNeg     . . .     Spirit   .   (helmet restricted)
rPois    .         Reflect  .   (no amulet)
rElec    .         Harm     .   (no ring)
rCorr    .         Rampage  .   (no ring)
Will     .....                  (no ring)
Stlth    +++.......             (no ring)
HPRegen  0.06/turn              (no ring)
MPRegen  0.08/turn              (no ring)
                                (no ring)
                                (no ring)

@: no status effects
A: almost no armour, amphibious, 8 rings, camouflage 1, gelatinous body 1,
(nimble swimmer 1), tentacles
a: no special abilities


You were on level 1 of the Dungeon.
You visited 1 branch of the dungeon, and saw 1 of its levels.

You collected 28 gold pieces.

Inventory:

Hand Weapons
 a - a +1 shortbow (weapon)
 b - a +0 short sword
Missiles
 c - 15 arrows (quivered ammo)
Scrolls
 d - a scroll of identify {unknown}
Potions
 e - 2 potions of invisibility {unknown}
 f - a potion of flight {unknown}


   Skills:
 + Level 2.2 Fighting
 * Level 4.3 Bows
 + Level 2.2 Dodging
 + Level 2.1 Stealth


You had one spell level left.
You didn't know any spells.
Your spell library was empty.

Dungeon Overview and Level Annotations

Branches:
Dungeon (1/15)

Altars:


Innate Abilities, Weirdness & Mutations

You cannot wear most types of armour.
You are amphibious.
You can wear up to eight rings at the same time.
Your skin changes colour to match your surroundings (Stealth+).
Your rubbery body absorbs attacks. (AC +1, EV +1)
((You are camouflaged near water. (Stealth+)))
You have tentacles for arms and can constrict up to eight enemies at once.


Message History

c - 16 arrows (gained 2)
c - 18 arrows (gained 2)
A jackal comes into view.
Things that are here:
a +0 spear; a gnoll corpse You see here a +0 dagger.
You start resting.
A jackal comes into view.
The jackal barks!
You hear a bark! x2
Fire: 18 arrows
Press: ? - help, Q - select action Shift-Dir - straight line, f - jackal
Aim: a jackal (55% to hit)
You shoot an arrow. The arrow completely misses the jackal.
Fire: 17 arrows
Press: ? - help, Q - select action Shift-Dir - straight line, f/p - jackal
Aim: a jackal (55% to hit)
You shoot an arrow. The arrow barely misses the jackal.
The jackal bites you.
Unknown command.
The jackal bites you.
A jackal comes into view.
The jackal bites you but does no damage.
The jackal barely misses you. The jackal bites you. The jackal bites you.
The jackal barks!
Really attack while wielding your +1 shortbow?
Okay, then.
Fire: 16 arrows
Press: ? - help, Q - select action Shift-Dir - straight line, f/p - jackal
Aim: a jackal (55% to hit)
You shoot an arrow. The jackal barks!
The arrow hits the jackal!
You kill the jackal!
The jackal bites you.
* * * LOW HITPOINT WARNING * * *
The jackal closely misses you. The jackal bites you.
* * * LOW HITPOINT WARNING * * *
The jackal closely misses you. The jackal bites you.
You die...

#. ##......### .
#####....## ###...#
##..## ##..# # #..# ..#
#########..#####
....##..............#
...).....@#####.###.....
..#......hh.h.)..# ..#
####.######......... .
#. #......### !.
#.##...... ..# ..#
##.... ..# h(## ##...
... .(# ... ...h ##


You could see 3 jackals.

Vanquished Creatures
  A gnoll (D:1)
  A ball python (D:1)
  A bat (D:1)
  An endoplasm (D:1)
  2 hobgoblins (D:1)
  A jackal (D:1)
  A goblin (D:1)
  A rat (D:1)
9 creatures vanquished.

Notes
Turn   | Place    | Note
-------+----------+-------------------------------------------
     0 | D:1      | Spaninq the Octopode Hunter began the quest for the Orb.
     0 | D:1      | Reached XP level 1. HP: 14/14 MP: 1/1
   113 | D:1      | Reached XP level 2. HP: 17/19 MP: 2/2
   226 | D:1      | Slain by a jackal

Illustrated notes

Levels and vault maps discovered:
D:1:      minmay_arrival_stair_chambers, layout_rooms, amethyst_killhole,
          chequers_serial_rivers_micro_a

Skill      XL: |  1  2 |
---------------+-------+-----
Stealth        | 2 |  2.1
Fighting       | |  2.2
Bows           | |  4.3
Dodging        | |  2.2

Action                   || total
-------------------------++-------
 Fire: Shortbow          ||    25
Armor: Skin              ||     2
Dodge: Dodged            ||     8
